Map: Dusk Towers

Players

DeMusliM

  • Race: Terran Terran
  • League: Grandmaster

MMA - Winner!

  • Race: Terran Terran

Event: Homestory Cup XII

VOD

Have the link to the VOD?

Description

Time

  • Played on: Dec. 19, 2015, 9:39 a.m.
  • Length: 13:58

All games in this series

Show
View Real Time Build Order
Export as new Build Order

DeMusliM Terran 

Build Orders: 1/1/1, Bio Tank, Widow Mine Drop 

Get SALT Encoding   

  12  0:00  SCV  
  13  0:12  SCV  
  14  0:17  Supply Depot  
  14  0:25  SCV  
  15  0:29  Refinery  
  15  0:38  SCV  
  16  0:44  Barracks  
  16  0:50  SCV  
  17  1:03  SCV  
  18  1:15  SCV  
  19  1:31  Factory, Marine  
  19  1:32  Supply Depot, Orbital Command  
  20  1:49  Marine  
  21  2:00  SCV  
  22  2:02  Refinery  
  22  2:07  Marine  
  23  2:12  SCV  
  23  2:15  Hellion, Starport  
  26  2:17  Supply Depot  
  26  2:24  SCV  
  26  2:25  Marine  
  28  2:35  Widow Mine  
  28  2:36  SCV  
  31  2:43  Supply Depot, Marine  
  32  2:48  SCV  
  33  2:52  Medivac  
  35  3:00  SCV  
  35  3:01  Marine  
  35  3:05  Hellion  
  39  3:12  SCV  
  40  3:15  Supply Depot  
  40  3:27  Factory Tech Lab  
  40  3:31  SCV  
  40  3:33  Barracks Reactor  
  41  3:37  Command Center  
  41  3:45  Cyclone  
  44  3:59  SCV  
  38  4:11  Command Center, SCV  
  39  4:23  SCV  
  40  4:25  Barracks  
  40  4:28  Siege Tank  
  43  4:38  Barracks Tech Lab  
  43  4:39  SCV  
  43  4:42  Barracks  
  44  4:45  Starport Reactor  
  44  4:51  SCV, Orbital Command  
  45  4:57  Marine  
  45  4:59  Stimpack  
  49  5:07  Siege Tank  
  49  5:14  Barracks Reactor  
  46  5:15  SCV, Marine  
  46  5:18  SCV  
  49  5:27  SCV  
  49  5:28  Orbital Command  
  50  5:30  SCV  
  50  5:31  Refinery x2  
  50  5:34  Marine x2  
  53  5:39  SCV  
  53  5:42  SCV  
  55  5:43  Marine  
  55  5:49  Siege Tank  
  59  5:50  Medivac  
  59  5:51  SCV  
  59  5:52  Marine  
  59  5:54  SCV, Marine x2  
  59  5:56  SCV  
  67  6:01  Engineering Bay  
  67  6:04  Engineering Bay  
  67  6:05  Marine x2  
  67  6:09  Medivac  
  71  6:15  Marine x2  
  71  6:17  SCV  
  71  6:18  SCV  
  75  6:21  Siege Tank  
  75  6:24  Marine  
  76  6:27  SCV  
  76  6:28  Terran Infantry Weapons Level 1  
  76  6:32  SCV  
  78  6:33  Orbital Command  
  78  6:36  Terran Infantry Armor Level 1, Marine x4  
  82  6:42  Marine  
  82  6:44  Medivac  
  85  6:47  Supply Depot  
  85  6:52  Supply Depot  
  85  7:00  Combat Shields  
  85  7:08  SCV x2, Marine x5  
  85  7:11  Supply Depot  
  85  7:12  Siege Tank  
  93  7:20  SCV x2  
  93  7:22  Medivac  
  95  7:23  SCV  
  95  7:26  Marine x3  
  99  7:31  Refinery, Sensor Tower  
  99  7:33  SCV x2, Marine  
  99  7:35  SCV  
  103  7:38  Medivac  
  103  7:39  Marine  
  109  7:44  Siege Tank  
  109  7:54  Supply Depot  
  109  7:55  Supply Depot  
  109  7:57  SCV  
  109  8:00  Marine x2  
  109  8:01  SCV x2, Marine  
  109  8:02  Marine  
  107  8:09  SCV  
  107  8:11  Refinery  
  103  8:13  SCV x2  
  103  8:15  Marine  
  103  8:18  Armory, Marine  
  103  8:19  Marine x2  
  107  8:20  Barracks x2  
  107  8:21  SCV  
  107  8:23  Missile Turret  
  107  8:24  Sensor Tower  
  109  8:27  SCV x2  
  109  8:28  Supply Depot  
  109  8:30  Supply Depot  
  109  8:33  Supply Depot, SCV  
  113  8:36  Barracks Reactor, Marine  
  113  8:37  Marine  
  115  8:41  Siege Tank  
  115  8:45  Factory  
  117  8:50  Barracks Reactor, Medivac x2  
  117  8:54  Refinery, Marine  
  117  8:55  Marine  
  122  8:56  SCV x3  
  126  9:09  Terran Infantry Weapons Level 2, Terran Vehicle Weapons Level 1  
  126  9:10  Supply Depot x2, Marine x2  
  126  9:11  Supply Depot  
  126  9:12  Marine x2  
  126  9:13  Marine  
  131  9:17  Marine  
  131  9:20  Siege Tank  
  135  9:26  Barracks  
  135  9:29  Barracks  
  135  9:30  Marine x2  
  135  9:31  Marine x3  
  138  9:32  Barracks Reactor, Terran Infantry Armor Level 2  
  140  9:41  Command Center  
  140  9:46  Marine  
  140  9:48  Barracks Reactor  
  140  9:49  Marine x4  
  140  9:50  Marine  
  146  9:54  Siege Tank  
  146  9:59  Siege Tank  
  152  10:04  Marine  
  152  10:07  Supply Depot  
  153  10:08  Marine x2  
  153  10:09  Marine  
  153  10:10  Supply Depot  
  153  10:12  Viking  
  153  10:13  Viking  
  160  10:16  Marine x2  
  162  10:24  Marine x3  
  162  10:25  Barracks Reactor x2  
  162  10:28  Supply Depot, Marine  
  166  10:29  Marine x2  
  166  10:30  Supply Depot, Siege Tank  
  166  10:33  Siege Tank  
  174  10:46  Marine x6  
  180  10:50  Medivac x2  
  184  10:57  Command Center  
  184  11:02  Siege Tank  
  187  11:11  Marine x6  
  188  11:12  Siege Tank  
  188  11:13  Terran Vehicle Weapons Level 2  
  191  11:20  Medivac x2  
  191  11:23  Marine x8  
  162  11:31  Marine x2  
  162  11:32  Marine x3  
  159  11:42  Marine x3  
  159  11:43  Siege Tank  
  165  11:55  Planetary Fortress  
  165  12:01  Marine x5  
  166  12:04  Siege Tank  
  166  12:06  Medivac  
  175  12:12  Marine x2  
  176  12:29  Siege Tank  
  151  12:33  Marine  
  151  12:34  Marine x2  
  151  12:35  Marine  
  151  12:37  Siege Tank  
  146  12:49  Marine x3  
  148  12:51  Marine x2  
  148  12:52  Medivac x2  
  154  13:01  Sensor Tower  
  154  13:02  Siege Tank, Marine x6  
  163  13:08  Planetary Fortress  
  163  13:09  Siege Tank  
  163  13:11  Marine  
  167  13:14  Marine x2  
  167  13:15  Marine x2  
  141  13:32  Marine x9  
  111  13:35  Marine  
  111  13:36  Marine x2  
  111  13:37  Marine x2  
Show
View Real Time Build Order
Export as new Build Order

MMA Terran - Winner!

Build Orders: Bio Tank 

Get SALT Encoding   

  12  0:00  SCV  
  13  0:12  SCV  
  14  0:17  Supply Depot  
  14  0:25  SCV  
  15  0:38  SCV  
  15  0:39  Barracks  
  16  0:50  SCV  
  17  1:02  SCV  
  18  1:13  Command Center  
  18  1:15  SCV  
  19  1:27  Marine  
  19  1:30  Orbital Command  
  20  1:38  Refinery  
  20  1:39  Refinery  
  20  1:45  Marine  
  21  1:56  SCV, Supply Depot  
  22  2:03  Marine  
  23  2:18  SCV  
  24  2:23  Marine  
  24  2:24  Factory  
  24  2:28  Orbital Command  
  25  2:30  SCV  
  26  2:42  Barracks Reactor, SCV  
  27  2:54  SCV x2  
  29  3:06  SCV x2  
  29  3:08  Factory Tech Lab, Starport  
  31  3:18  SCV x2, Marine x2  
  34  3:30  SCV x2  
  36  3:34  Supply Depot, Cyclone  
  36  3:36  Marine x2  
  36  3:40  Supply Depot  
  41  3:42  SCV  
  41  3:43  SCV  
  41  3:47  Viking  
  45  3:54  SCV  
  46  3:56  SCV  
  41  4:07  SCV  
  41  4:08  SCV  
  43  4:11  Command Center  
  43  4:19  SCV  
  43  4:24  SCV, Medivac  
  45  4:31  SCV  
  48  4:34  Siege Tank  
  48  4:36  SCV  
  48  4:38  Supply Depot  
  52  4:43  SCV  
  53  4:47  Marine x2  
  53  4:49  Barracks  
  53  4:50  Barracks  
  55  4:53  SCV  
  55  4:55  SCV  
  57  5:05  SCV  
  58  5:07  SCV  
  58  5:08  Marine x2  
  64  5:17  SCV  
  64  5:18  Starport Reactor  
  64  5:19  SCV  
  63  5:23  Engineering Bay  
  63  5:24  Engineering Bay  
  63  5:25  Refinery x2, Orbital Command  
  63  5:27  Marine x2  
  65  5:31  SCV x2  
  65  5:34  Siege Tank  
  70  5:43  SCV x2  
  70  5:48  Marine x2  
  74  5:50  Barracks Tech Lab x2  
  74  5:53  Terran Infantry Weapons Level 1, Terran Infantry Armor Level 1  
  74  5:57  Supply Depot  
  74  5:58  SCV  
  74  5:59  SCV  
  74  6:01  Orbital Command  
  76  6:04  Barracks  
  76  6:06  Barracks  
  76  6:10  SCV  
  76  6:11  SCV, Marine x4  
  77  6:13  Combat Shields, Stimpack  
  81  6:23  SCV  
  81  6:25  Medivac  
  84  6:27  SCV x2  
  84  6:28  Medivac  
  88  6:35  Supply Depot x2  
  88  6:37  Supply Depot  
  88  6:38  SCV  
  88  6:39  SCV  
  91  6:40  SCV  
  91  6:42  Refinery x2  
  91  6:50  SCV  
  91  6:52  SCV  
  93  6:54  Barracks Reactor x2  
  93  6:57  Siege Tank  
  93  6:58  Supply Depot  
  93  6:59  Supply Depot  
  93  7:00  Missile Turret  
  97  7:01  SCV  
  97  7:02  SCV  
  97  7:04  SCV  
  99  7:09  Marine x4  
  99  7:13  SCV  
  99  7:14  SCV  
  105  7:16  SCV  
  105  7:18  Medivac x2  
  110  7:25  SCV  
  110  7:26  SCV, Supply Depot  
  110  7:28  Supply Depot x2  
  110  7:29  Siege Tank  
  115  7:32  Marine x2  
  115  7:33  Marine x2  
  115  7:34  Marine  
  115  7:36  Marine  
  115  7:37  Marine  
  121  7:38  Marine  
  123  7:48  Armory  
  123  7:50  Marine x4  
  127  7:52  Marine  
  127  7:54  Marine x2  
  127  7:56  Marine  
  126  8:09  Marine x5  
  126  8:10  Siege Tank  
  126  8:11  Marine, Medivac x2  
  128  8:17  Barracks  
  128  8:21  Barracks  
  130  8:27  Marine x4  
  132  8:34  Barracks Reactor  
  132  8:36  Terran Infantry Weapons Level 2  
  132  8:38  Barracks Reactor  
  132  8:39  Command Center, Terran Infantry Armor Level 2  
  132  8:41  Medivac x2  
  136  8:46  Marine x6  
  142  9:01  Siege Tank  
  145  9:04  Marine x6  
  145  9:08  Barracks Reactor x2, Factory  
  151  9:13  Sensor Tower x2  
  151  9:17  Marine x4  
  151  9:20  Viking  
  151  9:24  Supply Depot  
  157  9:27  Supply Depot  
  157  9:28  Supply Depot x2  
  157  9:37  Supply Depot x2  
  157  9:38  Supply Depot  
  157  9:43  Marine  
  157  9:45  Command Center, Viking  
  159  9:57  Terran Vehicle Weapons Level 1  
  159  10:00  Viking  
  159  10:06  Siege Tank  
  164  10:07  Siege Tank  
  167  10:15  Viking  
  167  10:18  Planetary Fortress  
  169  10:28  Factory, Barracks  
  169  10:30  Barracks  
  169  10:38  Siege Tank  
  169  10:39  Siege Tank  
  175  10:53  Terran Infantry Weapons Level 3  
  175  10:54  Command Center  
  175  10:55  Terran Infantry Armor Level 3  
  175  10:57  Orbital Command  
  175  11:03  Refinery x2  
  174  11:22  Marine x11  
  174  11:23  Siege Tank x2  
  137  11:34  Marine x3  
  137  11:35  Siege Tank  
  137  11:38  Barracks Reactor x2  
  143  11:45  Marine  
  144  11:47  Marine x2  
  144  11:52  Marine x3  
  144  11:53  Marine x2  
  151  11:55  Siege Tank, Marine x2  
  151  11:58  Marine  
  151  12:01  Sensor Tower, Marine x2  
  157  12:03  Marine x2  
  157  12:05  Marine x2  
  157  12:06  Siege Tank, Medivac x2  
  157  12:07  Siege Tank  
  173  12:10  Marine x3  
  173  12:11  Marine x2  
  173  12:13  Marine x2  
  179  12:16  Orbital Command  
  179  12:26  Marine x2  
  179  12:27  Siege Tank, Marine x2  
  179  12:28  Marine x3  
  179  12:32  Marine x2  
  179  12:37  Orbital Command  
  179  12:38  Siege Tank  
  179  12:41  Marine x2  
  179  12:42  Marine  
  179  12:43  Marine  
  179  12:44  Marine x2  
  188  12:48  Marine x8  
  196  12:56  Siege Tank  
  185  13:30  Marine x7  
Tags
 
Add a new tag
Caveats
  • Supply blocks, unpowered buildings, or Contaminate may cause inaccurate times.
  • Supply counts are checked every 10 seconds.